 Dungeon Crawl Stone Soup version 0.27-a0-1206-g6342a01c75 (webtiles) character file.

Game seed: 6863310330409738666

8436 jvsr the Geomancer (level 11, -5/64 HPs)
             Began as a Gargoyle Earth Elementalist on June 5, 2021.
             Was an Elder of Vehumet.
             Slain by a komodo dragon (24 damage)
             ... on level 10 of the Dungeon.
             The game lasted 00:23:57 (12550 turns).

jvsr the Geomancer (Gargoyle Earth Elementalist)   Turns: 12550, Time: 00:23:58

Health: -5/64      AC: 15    Str: 12    XL:     11   Next: 30%
Magic:  12/21      EV: 13    Int: 19    God:    Vehumet [****..]
Gold:   317        SH:  0    Dex: 10    Spells: 9/23 levels left

rFire    . . .     SeeInvis .   x - +1 falchion (elec)
rCold    . . .     Faith    .   (no shield)
rNeg     + . .     Spirit   .   h - +0 steam dragon scales
rPois    ∞         Reflect  .   g - +0 helmet
rElec    +         Harm     .   (no cloak)
rCorr    .         Rampage  .   (no gloves)
Will     .....                  (no boots)
Stlth    ++........             A - amulet of magic regeneration
HPRegen  0.20/turn              u - ring of wizardry
MPRegen  0.42/turn              (no ring)

@: no status effects
A: sickness immunity, AC +8, negative energy resistance 1, electricity
resistance, torment resistance 1, petrification resistance
a: Renounce Religion


You were on level 10 of the Dungeon.
You worshipped Vehumet.
Vehumet was greatly pleased with you.
You visited 2 branches of the dungeon, and saw 11 of its levels.
You also visited: Sewer.

You collected 460 gold pieces.
You spent 143 gold pieces at shops.

Inventory:

Hand Weapons
 a - a +3 short sword of venom
 d - a +2 whip of venom
 m - a +0 flail
 x - a +1 falchion of electrocution (weapon)
Missiles
 b - 390 stones
 j - 5 curare-tipped darts
 v - a throwing net
 H - 5 atropa-tipped darts
Armour
 c - a +0 robe
 g - a +0 helmet (worn)
 h - +0 steam dragon scales (worn)
 C - a +2 leather armour of fire resistance
Jewellery
 f - a ring of flight
 i - a ring of ice
 u - a ring of wizardry (left hand)
 A - an amulet of magic regeneration (around neck)
Wands
 e - a wand of flame (39)
 o - a wand of charming (10)
 y - a wand of paralysis (7)
 G - a wand of digging (4)
Scrolls
 p - a scroll of immolation
 r - a scroll of amnesia
 s - a scroll of teleportation
Potions
 k - 3 potions of might
 l - 3 potions of brilliance
 n - 2 potions of haste
 q - 3 potions of invisibility
 t - a potion of flight
 w - 2 potions of lignification
 z - a potion of attraction
 B - 2 potions of curing
 D - a potion of mutation {unknown}
 E - a potion of berserk rage {unknown}
Miscellaneous
 F - a lightning rod (3/4)


   Skills:
 + Level 5.6 Fighting
 - Level 3.8 Short Blades
 + Level 5.0 Maces & Flails
 + Level 5.6 Armour
 + Level 4.5 Dodging
 - Level 2.1 Stealth
 + Level 6.9 Spellcasting
 + Level 7.5 Conjurations
 - Level 0.7 Transmutations
 + Level 9.4 Earth Magic
 + Level 3.2 Evocations


You had 9 spell levels left.
You knew the following spells:

 Your Spells              Type           Power      Damage    Failure   Level
a - Sandblast             Erth           84%        2d18      1%          1
b - Stone Arrow           Conj/Erth      76%        3d11      1%          3
c - Lee's Rapid Deconstr  Erth           21%        3d13*     1%          5
d - Irradiate             Conj/Tmut      11%        3d17      6%          5

Your spell library contained the following spells:

 Spells                   Type           Power      Damage    Failure   Level
 Passwall                 Tmut/Erth      20%        N/A       1%          2
 Dazzling Flash           Conj/Hex       40%        N/A       1%          3
 Inner Flame              Hex/Fire       6%         N/A       3%          3
 Corona                   Hex            6%         N/A       4%          1
 Petrify                  Tmut/Erth      25%        N/A       5%          4
 Ensorcelled Hibernation  Hex/Ice        12%        N/A       6%          2
 Slow                     Hex            6%         N/A       6%          2
 Leda's Liquefaction      Hex/Erth       12%        N/A       6%          4
 Confusing Touch          Hex            6%         N/A       12%         3
 Portal Projectile        Hex/Tloc       12%        N/A       12%         3
 Tukima's Dance           Hex            6%         N/A       12%         3
 Cause Fear               Hex            3%         N/A       38%         4


Dungeon Overview and Level Annotations

Branches:
Dungeon (10/15)            Temple (1/1) D:4             Orc (0/2) D:9
  Sewer (visited)
   Lair: D:8-11

Altars:
Ashenzari
Dithmenos
Elyvilon
Fedhas
Gozag
Kikubaaqudgha
Makhleb
Okawaru
Ru
Sif Muna
Uskayaw
Vehumet
Wu Jian
The Shining One
Beogh

Shops:
D:5 [(!!

Annotations:
D:9 3 runed translucent doors, miami27's ghost, novice MiBe


Innate Abilities, Weirdness & Mutations

You are immune to sickness and miasma.
Your stone body is resilient. (AC +8)
You are immune to poison.
You resist negative energy. (rN+)
You are resistant to electric shocks. (rElec)
You are resistant to unholy torment.
You are immune to petrification.


Message History

The komodo dragon bites you! The steam dragon misses you.
You riposte.
You barely miss the steam dragon.
The steam dragon is moderately wounded.
The steam dragon misses you.
The komodo dragon is engulfed in a cloud of scalding steam.
The komodo dragon bites you!
Unknown command.
You completely miss the steam dragon.
The steam dragon is moderately wounded.
The steam dragon bites you! The steam dragon claws you.
The komodo dragon is engulfed in a cloud of scalding steam.
The komodo dragon bites you!
* * * LOW HITPOINT WARNING * * *
The steam dragon barely misses you.
The steam dragon claws you but does no damage.
The komodo dragon hisses menacingly.
Casting: Stone Arrow (safe; 1% risk of failure)
Confirm with . or Enter, or press ? or * to list all spells.
Aiming: Lee's Rapid Deconstruction (dangerous; 1% risk of failure)
Press: ? - help, Dir - move target A stone wall.
The wall shatters!
The blast of rock fragments hits the komodo dragon!
The komodo dragon is heavily wounded.
The komodo dragon bites you but does no damage.
Unknown command.
Unknown command.
Casting: Lee's Rapid Deconstruction (dangerous; 1% risk of failure)
Confirm with . or Enter, or press ? or * to list all spells.
Aiming: Lee's Rapid Deconstruction (dangerous; 1% risk of failure)
Press: ? - help, Dir - move target A stone wall.
The wall shatters!
The blast of rock fragments hits the steam dragon!!
The steam dragon is almost dead.
The blast of rock fragments hits the komodo dragon!!
The komodo dragon is almost dead.
You hear an angry hiss.
The komodo dragon bites you!!
You die...

## # ##. ## ## #.#..###. ####.
### ....#...####....## #.####
...#........# #@# ####...#
..........$#####l#### ###...###.
#.............D#.##.###..#####..
#..#.####........###.....# ###
#. ## #.#.###....†....###
#.##..#.########.# ## ##### ###


You could see a komodo dragon and a steam dragon.

Vanquished Creatures
  A komodo dragon (D:10)
  Maggie (D:7)
  A kobold demonologist (D:9)
  A troll (D:10)
  Grinder (D:4)
  Sigmund (D:5)
  2 wyverns
  13 yaks
  2 vampire mosquitoes (D:10)
  2 steam dragons
  2 acid dragons (D:9)
  4 water moccasins
  4 orc warriors
  2 black bears (D:6)
  3 sky beasts
  4 ogres
  7 centaurs
  8 kobold brigands
  2 bullfrogs
  2 scorpions
  A water moccasin skeleton (D:5)
  4 killer bees (D:10)
  4 howler monkeys
  2 vampire bats (D:7)
  A centaur zombie (D:8)
  A jelly (D:7)
  2 gnoll shamans
  4 orc priests
  3 centaur skeletons
  Terence (D:3)
  An iguana (D:6)
  3 orc wizards
  A hound skeleton (D:5)
  A howler monkey zombie (D:6)
  8 gnolls
  3 adders
  3 shadow imps
  An adder skeleton (D:4)
  3 dart slugs
  A worm (D:5)
  44 orcs
  3 bat skeletons (D:7)
  A bat zombie (D:7)
  11 endoplasms
  8 giant cockroaches
  7 goblins
  9 hobgoblins
  5 quokkas
  10 ball pythons
  5 bats
  2 frilled lizards
  50 kobolds
  9 rats
275 creatures vanquished.

Vanquished Creatures (others)
  A hornet (D:9)
  2 orcs (D:9)
  31 plants
34 creatures vanquished.

Grand Total: 309 creatures vanquished

Notes
Turn   | Place    | Note
-------+----------+-------------------------------------------
     0 | D:1      | jvsr the Gargoyle Earth Elementalist began the quest for
                  | the Orb.
     0 | D:1      | Reached XP level 1. HP: 10/10 MP: 3/3
    29 | D:1      | Found a faded altar of an unknown god.
   246 | D:1      | Reached skill level 4 in Earth Magic
   246 | D:1      | Reached XP level 2. HP: 11/15 MP: 5/5
   624 | D:1      | Reached XP level 3. HP: 11/19 MP: 7/7
   771 | D:1      | Learned a level 3 spell: Stone Arrow
  1552 | D:2      | Reached skill level 1 in Conjurations
  1552 | D:2      | Reached XP level 4. HP: 24/24 MP: 8/8
  2244 | D:3      | Found a glowing drain.
  2248 | Sewer    | Entered a sewer
  2273 | Sewer    | Reached skill level 1 in Short Blades
  2580 | Sewer    | Noticed a kobold brigand
  2580 | Sewer    | Noticed a kobold brigand
  2591 | Sewer    | Killed a kobold brigand
  2592 | Sewer    | Reached skill level 5 in Earth Magic
  2592 | Sewer    | Reached XP level 5. HP: 12/28 MP: 7/9
  2610 | Sewer    | Killed a kobold brigand
  2829 | Sewer    | Reached XP level 6. HP: 23/32 MP: 11/11
  3314 | D:3      | Found an iron altar of Okawaru.
  3409 | D:3      | Noticed Terence
  3425 | D:3      | Killed Terence
  4040 | D:4      | Noticed Grinder
  4066 | D:4      | Paralysed by Grinder for 6 turns
  4071 | D:4      | Killed Grinder
  4072 | D:4      | Reached skill level 6 in Earth Magic
  4072 | D:4      | Reached XP level 7. HP: 28/36 MP: 9/13
  4202 | D:4      | Found a staircase to the Ecumenical Temple.
  4222 | Temple   | Entered the Ecumenical Temple
  4319 | Temple   | Became a worshipper of Vehumet
  4697 | D:5      | Entered Level 5 of the Dungeon
  4714 | D:5      | Noticed Sigmund
  4736 | D:5      | Reached XP level 8. HP: 22/41 MP: 5/14
  4921 | D:5      | Found Uttatig's Antique Weapon Shoppe.
  4938 | D:5      | HP: 2/41 [something (8)]
  4939 | D:5      | Killed Sigmund
  5320 | D:5      | Found Wuduurgh's Distillery.
  5324 | D:5      | Bought a potion of curing for 33 gold pieces
  5324 | D:5      | Bought 2 potions of curing for 66 gold pieces
  5324 | D:5      | Bought a potion of curing for 33 gold pieces
  5324 | D:5      | Bought a potion of degeneration for 11 gold pieces
  5448 | D:5      | Found Bepn's Distillery.
  5478 | D:5      | Reached skill level 7 in Earth Magic
  5577 | D:5      | Found Qaebbym's Antique Armour Shoppe.
  5727 | D:5      | Reached skill level 1 in Fighting
  5727 | D:5      | Reached skill level 1 in Maces & Flails
  5727 | D:5      | Reached skill level 1 in Armour
  5727 | D:5      | Reached skill level 5 in Spellcasting
  6040 | D:6      | Reached skill level 5 in Conjurations
  6132 | D:6      | Reached * piety under Vehumet
  6132 | D:6      | Offered knowledge of Foxfire by Vehumet.
  6220 | D:6      | Identified the +4 long sword "Yren" {flame, rElec rF++
                  | Str-2 Dex+2}
  6447 | D:6      | Identified the +4 long sword of Zovu {venom, Contam Int+5}
  7026 | D:6      | Reached XP level 9. HP: 33/48 MP: 16/16
  7440 | D:6      | Learned a level 5 spell: Lee's Rapid Deconstruction
  8071 | D:7      | Noticed Maggie
  8117 | D:7      | Killed Maggie
  8420 | D:7      | Reached skill level 8 in Earth Magic
  8423 | D:7      | Reached ** piety under Vehumet
  8773 | D:7      | Offered knowledge of Poisonous Vapours by Vehumet.
  8795 | D:7      | Reached XP level 10. HP: 13/56 MP: 11/19
  9199 | D:7      | Found an ancient bone altar of Kikubaaqudgha.
  9328 | D:7      | Found a shadowy altar of Dithmenos.
  9376 | D:7      | Found a blossoming altar of Fedhas.
  9671 | D:8      | Reached skill level 1 in Evocations
  9772 | D:8      | Identified the +7 spear of Menkecos {pain, rC++ rN+}
 10339 | D:8      | Offered knowledge of Static Discharge by Vehumet.
 10931 | D:9      | Noticed a kobold demonologist
 10943 | D:9      | Killed a kobold demonologist
 10944 | D:9      | Reached *** piety under Vehumet
 11228 | D:9      | Found a staircase to the Orcish Mines.
 11272 | D:9      | Reached skill level 5 in Armour
 11314 | D:9      | Offered knowledge of Sticky Flame by Vehumet.
 11315 | D:9      | Reached skill level 5 in Fighting
 11315 | D:9      | Reached skill level 9 in Earth Magic
 11567 | D:9      | Reached **** piety under Vehumet
 11862 | D:9      | Reached XP level 11. HP: 36/64 MP: 11/21
 12009 | D:9      | Found a runed translucent gate.
 12010 | D:9      | Found a runed translucent gate.
 12010 | D:9      | Found a runed translucent gate.
 12012 | D:9      | Noticed miami27's ghost (novice MiBe)
 12128 | D:10     | Entered Level 10 of the Dungeon
 12133 | D:10     | Offered knowledge of Irradiate by Vehumet.
 12170 | D:10     | Learned a level 5 spell: Irradiate
 12452 | D:10     | Reached skill level 5 in Maces & Flails
 12550 | D:10     | Slain by a komodo dragon

Illustrated notes

Levels and vault maps discovered:
D:1:      minmay_arrival_five_plusses, layout_rooms,
          chequers_ecumenical_altar_island, serial_forest,
          infiniplex_forest_zigzag_2, infiniplex_forest_straight_1,
          infiniplex_forest_clump_C, infiniplex_forest_lined_4_way,
          infiniplex_forest_lined_corner, infiniplex_forest_lined_4_way,
          infiniplex_forest_lined_3
D:2:      layout_loops_corners, minmay_misc_feat_tiny, minmay_tetromino_i2
D:3:      layout_loops_cross, okawaru_gym_becter, gup_sewer_entry_bowl,
          uniq_terence
D:4:      layout_rooms, minmay_temple_entry_crystal_x, minmay_misc_feat_iff,
          uniq_grinder
D:5:      layout_basic, serial_shops, nicolae_shop_behind_doors, shop,
          nicolae_shop_stone, nicolae_shop_trees, uniq_sigmund
D:6:      kennysheep_kobold_camp, layout_gridville, minivault_22
D:7:      layout_cave_pools, kennysheep_vampire_church,
          nicolae_overflow_hidden_temple, lemuel_tele_altar,
          small_statue_intersection, uniq_maggie
D:8:      layout_cave_pods
D:9:      layout_rooms, orc_0_dummy, gammafunk_ghost_spectres, special_room
          [special_room_orc], corexii_corridor_pit, grunt_decor_arrowhead,
          lemuel_flamethrower_1
D:10:     layout_roguey, chequers_temple_overflow_statue_of_worship,
          erik_lair_dragon
Temple:   eino_temple_scatter_basement

Skill      XL: |  1  2  3  4  5  6  7  8  9 10 11 |
---------------+----------------------------------+-----
Earth Magic    | 4 5 6 7 8 9 |  9.4
Conjurations   | 1 2 3 4 5 6 7 |  7.5
Spellcasting   | 3 4 5 6 |  6.9
Short Blades   | 1 3 |  3.8
Fighting       | 2 4 5 |  5.6
Maces & Flails | 1 3 4 5 |  5.0
Armour         | 2 4 5 |  5.6
Dodging        | 2 3 4 |  4.5
Evocations     | 2 3 |  3.2
Stealth        | |  2.1
Transmutations | |  0.7

Action                   |  1- 3 |  4- 6 |  7- 9 | 10-12 || total
-------------------------+-------+-------+-------+-------++-------
Melee: Short sword       |    70 |   160 |   201 |       ||   431
       Falchion          |       |       |   101 |   144 ||   245
Throw: Dart              |       |       |       |     4 ||     4
 Cast: Sandblast         |     8 |    18 |    51 |    13 ||    90
       Stone Arrow       |       |       |    16 |    26 ||    42
       Lee's Rapid Decon |       |       |       |    20 ||    20
       Irradiate         |       |       |       |     1 ||     1
Evoke: Wand              |       |       |     1 |       ||     1
       Lightning rod     |       |       |       |     2 ||     2
  Use: Scroll            |     1 |     4 |    10 |     5 ||    20
       Potion            |       |     3 |    12 |       ||    15
 Stab: Sleeping          |     6 |     4 |     2 |     2 ||    14
       Distracted        |       |     1 |     1 |       ||     2
Armor: Robe              |    21 |    60 |   154 |       ||   235
       Steam dragon scal |       |       |       |   155 ||   155
Dodge: Dodged            |    51 |    94 |   199 |   172 ||   516
       Rpst.: Falchion   |       |       |    26 |    37 ||    63

Table legend: (Time is in decaauts)
 A = Elapsed time spent in this place.
 B = Non-inter-level travel time spent in this place.
 C = Inter-level travel time spent in this place.
 D = Time resting spent in this place.
 E = Time spent auto-exploring this place.
 F = Levels seen in this place.
 G = Mean time per level.
                   A        B        C        D        E       F      G
               +--------+--------+--------+--------+--------+-----+--------+
         Total |  12615 |  12293 |    322 |    861 |   9333 |  12 | 1051.2 |
       Dungeon |  11540 |  11232 |    308 |    801 |   8510 |  10 | 1154.0 |
        Temple |    111 |     97 |     14 |      0 |     94 |   1 |  111.0 |
         Sewer |    963 |    963 |      0 |     60 |    728 |   1 |  963.0 |
               +--------+--------+--------+--------+--------+-----+--------+

Top non-repeatable levels by time:
     D:6: 2093 daAuts
     D:7: 1589 daAuts
     D:9: 1281 daAuts
     D:5: 1257 daAuts
     D:8: 1234 daAuts
     D:2: 1102 daAuts
     D:1: 997 daAuts
     D:3: 973 daAuts
   Sewer: 963 daAuts
     D:4: 585 daAuts
    D:10: 425 daAuts
  Temple: 111 daAuts
